Map: [ESL] Hecate

Players

trigger

  • Race: Protoss Protoss
  • Spawn Location: 7:00

Elazer - Winner!

  • Race: Zerg Zerg
  • Spawn Location: 1:00

Event: ESL SC2 Masters 2023 Winter (Finals)

VOD

Have the link to the VOD?

Description

Time

  • Played on: Dec. 15, 2023, 4:07 p.m.
  • Length: 18:34

All games in this series

Show
View Real Time Build Order
Export as new Build Order

trigger Protoss 

Build Orders: 1 Gate Expand, Oracle Opening, Archon Immortal 

Get SALT Encoding   

  12  0:00  Probe  
  13  0:12  Probe  
  14  0:21  Pylon  
  14  0:24  Probe  
  15  0:39  Probe (Chrono Boost)  
  15  0:40  Gateway  
  16  0:47  Probe (Chrono Boost)  
  17  0:52  Assimilator  
  17  0:53  Probe  
  18  1:05  Probe  
  19  1:18  Probe  
  20  1:27  Nexus  
  21  1:37  Cybernetics Core  
  20  1:41  Probe  
  20  1:46  Assimilator  
  21  1:53  Probe  
  22  1:57  Pylon  
  22  2:05  Probe (Chrono Boost)  
  23  2:12  Adept (Chrono Boost)  
  26  2:17  Probe (Chrono Boost)  
  26  2:20  Stargate  
  26  2:22  Probe (Chrono Boost)  
  27  2:30  Warp Gate  
  27  2:31  Probe  
  27  2:33  Adept (Chrono Boost)  
  30  2:39  Probe  
  30  2:43  Probe  
  32  2:51  Probe  
  33  2:55  Probe, Adept  
  36  3:03  Oracle (Chrono Boost), Probe  
  40  3:08  Probe  
  41  3:13  Pylon  
  41  3:15  Probe  
  41  3:19  Gateway  
  42  3:21  Probe  
  43  3:27  Probe  
  43  3:32  Oracle (Chrono Boost)  
  44  3:36  Probe  
  44  3:38  Pylon  
  48  3:43  Probe  
  49  3:48  Probe  
  49  3:55  Probe  
  51  3:57  Nexus  
  51  4:03  Probe  
  51  4:04  Oracle  
  51  4:08  Assimilator  
  56  4:10  Assimilator, Probe  
  56  4:13  Pylon  
  56  4:16  Probe  
  57  4:22  Probe  
  58  4:30  Forge  
  58  4:31  Probe (Chrono Boost)  
  59  4:32  Robotics Facility  
  59  4:34  Probe (Chrono Boost)  
  60  4:42  Shield Battery  
  60  4:43  Probe (Chrono Boost)  
  60  4:44  Probe (Chrono Boost)  
  62  4:48  Probe (Chrono Boost)  
  64  4:54  Twilight Council  
  64  4:56  Probe (Chrono Boost)  
  65  5:00  Probe (Chrono Boost)  
  65  5:06  Probe (Chrono Boost)  
  66  5:07  Probe (Chrono Boost)  
  67  5:16  Probe (Chrono Boost)  
  67  5:19  Robotics Facility, Probe (Chrono Boost)  
  67  5:20  Protoss Ground Weapons Level 1, Probe (Chrono Boost)  
  71  5:21  Observer  
  71  5:24  Robotics Bay  
  71  5:26  Probe (Chrono Boost)  
  74  5:29  Probe (Chrono Boost)  
  74  5:30  Stalker  
  74  5:32  Probe (Chrono Boost)  
  74  5:33  Stalker  
  74  5:34  Probe (Chrono Boost)  
  74  5:35  Probe (Chrono Boost)  
  80  5:39  Probe  
  80  5:41  Pylon  
  82  5:42  Probe  
  82  5:43  Probe  
  83  5:51  Probe  
  83  5:55  Probe x2  
  84  6:03  Probe  
  83  6:04  Photon Cannon, Assimilator  
  83  6:06  Assimilator  
  83  6:07  Probe x2  
  83  6:08  Gateway, Charge  
  92  6:11  Gateway  
  92  6:15  Pylon  
  92  6:17  Observer (Chrono Boost), Pylon  
  92  6:19  Colossus (Chrono Boost)  
  92  6:20  Probe  
  93  6:33  Probe x2  
  93  6:41  Zealot x2  
  93  6:45  Colossus (Chrono Boost)  
  93  6:46  Probe x2  
  91  6:48  Probe  
  91  6:49  Extended Thermal Lance  
  98  6:55  Nexus  
  98  6:58  Probe  
  98  6:59  Gateway x2  
  99  7:02  Zealot x2  
  99  7:06  Probe x2  
  104  7:14  Gateway  
  104  7:15  Colossus  
  104  7:16  Gateway  
  104  7:18  Pylon  
  104  7:21  Gateway  
  109  7:25  Gateway  
  109  7:26  Protoss Ground Weapons Level 2  
  109  7:28  Templar Archives  
  109  7:33  Pylon  
  109  7:34  Pylon  
  109  7:35  Colossus (Chrono Boost)  
  109  7:36  Nexus  
  115  7:40  Pylon  
  115  7:42  Pylon  
  115  7:43  Pylon  
  115  7:52  Pylon  
  115  7:53  Probe x2  
  117  8:01  Templar Archives  
  117  8:02  Phoenix (Chrono Boost)  
  119  8:06  Psionic Storm  
  119  8:07  High Templar x2  
  119  8:09  Shield Battery  
  119  8:10  Stalker  
  119  8:11  Photon Cannon  
  125  8:13  Assimilator  
  125  8:16  Archon  
  125  8:19  Photon Cannon, Pylon  
  125  8:21  Stalker  
  125  8:22  Immortal (Chrono Boost)  
  131  8:31  Photon Cannon  
  131  8:32  Photon Cannon  
  131  8:34  Zealot x3  
  131  8:37  Gateway  
  131  8:40  High Templar  
  131  8:41  High Templar  
  141  8:46  Gateway  
  141  8:48  Pylon  
  132  8:56  Probe x3  
  132  8:57  Probe  
  132  8:58  Assimilator  
  132  8:59  Pylon  
  136  9:03  High Templar x2  
  136  9:04  Zealot x2  
  142  9:12  Immortal  
  142  9:13  Zealot x2  
  150  9:19  Zealot x2  
  150  9:21  Immortal (Chrono Boost)  
  157  9:26  Probe  
  157  9:28  Probe  
  155  9:37  Photon Cannon  
  155  9:40  Shield Battery  
  155  9:41  Photon Cannon, Protoss Ground Armor Level 1 (Chrono Boost)  
  155  9:44  Observer, High Templar x4  
  163  9:49  Archon x2  
  163  9:56  Immortal x2 (Chrono Boost)  
  167  10:15  Gateway  
  167  10:17  Gateway, High Templar  
  167  10:18  Gateway  
  167  10:19  Immortal  
  167  10:20  Gateway, Immortal  
  169  10:21  High Templar  
  179  10:44  Nexus  
  179  10:45  Pylon  
  179  10:47  Pylon  
  179  10:48  Probe  
  180  10:52  Fleet Beacon  
  178  11:01  Protoss Air Weapons Level 1 (Chrono Boost)  
  171  11:14  Immortal  
  171  11:16  Shield Battery  
  171  11:18  Photon Cannon  
  175  11:20  Photon Cannon, Stargate  
  175  11:21  Stargate, Pylon  
  175  11:22  Photon Cannon, Pylon  
  175  11:23  Photon Cannon  
  175  11:32  Nexus  
  173  11:39  Tempest (Chrono Boost)  
  174  11:54  Observer  
  175  11:55  Probe  
  175  11:57  Probe x2  
  175  11:58  Assimilator  
  175  11:59  Probe x2  
  175  12:00  Assimilator  
  180  12:02  Shield Battery  
  180  12:04  Photon Cannon  
  180  12:06  Photon Cannon  
  174  12:08  Photon Cannon  
  174  12:10  Photon Cannon  
  174  12:12  Shield Battery  
  174  12:14  High Templar  
  174  12:15  Tempest (Chrono Boost), High Templar x2  
  177  12:25  Tempest  
  177  12:26  Tempest  
  189  12:31  Mothership (Chrono Boost)  
  189  12:35  Zealot  
  189  12:36  Zealot x4  
  187  12:52  Zealot x3  
  187  12:53  Probe  
  187  12:55  Tempest, Probe  
  180  12:58  High Templar  
  180  12:59  High Templar  
  180  13:00  Probe  
  180  13:02  Probe  
  180  13:03  Pylon  
  180  13:07  Immortal, Pylon  
  180  13:08  Tempest, Probe  
  188  13:22  Observer  
  188  13:23  Zealot x5  
  194  13:28  Shield Battery  
  194  13:30  Photon Cannon  
  190  13:37  High Templar x2  
  190  13:38  Probe  
  190  13:39  Probe  
  190  13:40  Assimilator  
  196  13:48  Zealot  
  198  13:49  Photon Cannon  
  198  13:50  Nexus  
  198  14:00  Observer  
  199  14:04  Pylon  
  184  14:29  High Templar x6  
  184  14:31  High Templar x4  
  194  14:35  Archon x3  
  194  14:36  Archon  
  192  14:48  Archon  
  192  14:49  High Templar  
  174  14:54  Nexus  
  174  14:59  Immortal x2  
  169  15:03  Protoss Shields Level 1 (Chrono Boost)  
  169  15:05  Zealot x4  
  169  15:06  Probe  
  172  15:08  Probe  
  172  15:09  Probe x2  
  172  15:10  Probe  
  172  15:12  Forge  
  176  15:18  Nexus, Probe  
  176  15:20  Probe  
  176  15:21  Probe  
  176  15:27  Zealot x7  
  176  15:33  Nexus  
  169  15:40  Pylon  
  158  15:43  Probe  
  158  15:44  Zealot x2  
  158  15:47  Probe x3  
  158  15:49  Immortal  
  171  15:50  High Templar x4, Immortal  
  171  15:53  High Templar  
  171  15:55  Probe  
  180  15:58  Archon x2  
  142  16:12  Zealot  
  142  16:13  Zealot x5  
  154  16:19  Tempest  
  147  16:28  High Templar x4  
  147  16:31  Zealot  
  149  16:38  High Templar  
  146  16:44  Observer  
  144  16:47  Probe x2  
  144  16:48  Assimilator, Probe x3  
  144  16:50  Assimilator  
  135  16:59  Probe x2  
  135  17:00  High Templar  
  137  17:02  Probe  
  137  17:03  Zealot x6  
  146  17:09  Unknown  
  120  17:26  High Templar x2  
  120  17:27  High Templar  
  118  17:46  Zealot x3, Immortal x2  
  118  17:47  Zealot x4  
  118  17:59  Zealot  
  118  18:00  Zealot x3  
  118  18:05  Archon  
  95  18:17  High Templar x3  
Show
View Real Time Build Order
Export as new Build Order

Elazer Zerg - Winner!

Build Orders: Hatch First, Lurkers, Roach Hydra 

Get SALT Encoding   

  12  0:00  Drone  
  13  0:12  Overlord  
  13  0:17  Drone  
  14  0:30  Drone x2  
  16  0:48  Hatchery  
  15  0:52  Drone  
  15  0:56  Drone  
  17  0:59  Drone  
  18  1:10  Extractor  
  17  1:15  Spawning Pool  
  17  1:18  Drone  
  17  1:21  Drone  
  18  1:29  Drone  
  19  1:40  Drone  
  20  1:49  Overlord  
  20  2:01  Drone, Queen x2  
  21  2:02  Zergling x2  
  26  2:11  Drone  
  26  2:12  Zergling x2  
  26  2:13  Metabolic Boost  
  28  2:21  Drone  
  28  2:22  Zergling x2  
  30  2:32  Drone x2  
  30  2:37  Queen  
  34  2:45  Drone, Overlord  
  35  2:53  Hatchery  
  34  3:02  Zergling x2  
  34  3:03  Zergling x2  
  36  3:06  Queen  
  36  3:08  Drone x3  
  36  3:11  Drone  
  42  3:14  Overlord  
  42  3:20  Queen  
  42  3:27  Overlord  
  44  3:34  Drone x3  
  44  3:39  Drone x2  
  49  3:42  Drone x3  
  49  3:45  Queen  
  49  3:47  Drone  
  55  3:51  Drone x2  
  57  4:00  Drone x2  
  59  4:05  Overlord  
  59  4:07  Drone x2  
  61  4:11  Spore Crawler x2  
  61  4:14  Drone x5  
  64  4:19  Drone x2  
  64  4:20  Overlord  
  66  4:30  Drone x4  
  69  4:41  Drone x5  
  74  4:45  Evolution Chamber  
  74  4:46  Drone x3  
  74  4:47  Hatchery  
  74  4:50  Overlord  
  75  4:54  Drone x5  
  75  4:56  Overlord  
  80  5:04  Queen  
  80  5:06  Overlord  
  78  5:09  Extractor, Roach Warren  
  78  5:10  Extractor, Spore Crawler  
  78  5:12  Zerg Melee Weapons Level 1  
  71  5:14  Drone  
  71  5:15  Drone  
  71  5:18  Extractor, Drone x2  
  74  5:21  Drone x3  
  74  5:25  Drone x3  
  74  5:26  Drone  
  81  5:29  Overlord  
  81  5:36  Drone x5  
  81  5:38  Queen  
  81  5:41  Lair  
  88  5:45  Zergling x8  
  88  5:49  Zergling x8  
  96  5:51  Zergling x4  
  98  6:00  Zergling x6  
  98  6:04  Overlord  
  99  6:06  Extractor  
  99  6:07  Baneling Nest  
  97  6:13  Zergling x14  
  97  6:16  Hatchery  
  104  6:18  Zergling x12  
  104  6:23  Zergling x2  
  110  6:26  Overlord  
  108  6:33  Drone x3  
  108  6:34  Drone x3  
  112  6:40  Drone x3  
  112  6:44  Drone x7  
  112  6:46  Drone  
  118  6:51  Drone  
  118  6:53  Drone x2, Centrifugal Hooks, Hydralisk Den  
  119  6:58  Overseer  
  119  7:02  Overlord  
  119  7:05  Extractor  
  116  7:10  Zerg Missile Weapons Level 1  
  111  7:16  Overseer  
  111  7:18  Glial Reconstitution, Infestation Pit  
  111  7:19  Drone, Extractor  
  111  7:20  Drone x4  
  113  7:23  Drone x3  
  113  7:24  Extractor  
  113  7:25  Roach x9  
  133  7:36  Spore Crawler  
  133  7:37  Roach x5  
  142  7:42  Overlord  
  142  7:43  Overlord x2  
  142  7:44  Roach x4  
  150  7:52  Overlord x2  
  150  7:53  Drone, Lurker Den  
  150  7:54  Hive  
  150  7:56  Overlord  
  150  7:57  Pneumatized Carapace, Overlord  
  150  8:01  Overlord  
  150  8:02  Overlord  
  150  8:10  Overlord x3  
  150  8:18  Hydralisk x6, Grooved Spines  
  162  8:24  Drone  
  162  8:25  Drone x3  
  166  8:28  Spine Crawler x3  
  166  8:29  Spine Crawler  
  162  8:35  Drone x6  
  162  8:37  Drone  
  162  8:39  Drone x2  
  162  8:40  Drone  
  172  8:47  Spore Crawler, Spine Crawler  
  172  8:48  Spine Crawler x2  
  164  9:01  Drone x5, Spine Crawler x2  
  162  9:02  Spine Crawler  
  162  9:03  Extractor x2, Spine Crawler  
  162  9:06  Zerg Missile Weapons Level 2  
  162  9:07  Overseer  
  162  9:08  Seismic Spines, Muscular Augments  
  158  9:12  Viper x2  
  164  9:21  Hydralisk x5  
  171  9:46  Lurker  
  171  9:47  Lurker x10  
  182  9:53  Hydralisk x4  
  182  9:56  Overseer  
  182  9:57  Overseer  
  190  10:05  Adaptive Talons  
  190  10:08  Spine Crawler  
  190  10:09  Spine Crawler x2  
  190  10:10  Spore Crawler, Spine Crawler  
  190  10:11  Spine Crawler  
  190  10:12  Spine Crawler  
  190  10:13  Spine Crawler  
  181  10:15  Drone x6  
  187  10:24  Hydralisk x5  
  187  10:25  Hydralisk  
  199  10:32  Spine Crawler  
  198  10:35  Evolution Chamber  
  197  10:51  Lurker x3, Spire  
  198  11:21  Lurker  
  198  11:22  Zerg Missile Weapons Level 3, Zerg Ground Armor Level 1  
  199  11:27  Spine Crawler  
  199  11:28  Spine Crawler x2  
  199  11:29  Spine Crawler  
  193  11:40  Lurker x2, Hydralisk  
  197  11:52  Overseer, Nydus Network  
  194  12:04  Spine Crawler x2  
  194  12:05  Spine Crawler  
  191  12:11  Hatchery  
  185  12:38  Hydralisk x7  
  196  12:46  Overseer  
  193  12:55  Hydralisk x13  
  198  12:59  Hydralisk x2  
  172  13:14  Lurker x7  
  179  13:21  Roach x10  
  192  13:28  Roach x4  
  196  13:41  Lurker x8  
  189  13:45  Nydus Canal  
  196  13:55  Hydralisk x2  
  200  13:59  Greater Spire  
  200  14:00  Zerg Melee Weapons Level 2, Zerg Ground Armor Level 2  
  200  14:02  Spire  
  199  14:03  Adrenal Glands  
  195  14:17  Nydus Canal  
  195  14:22  Lurker x4  
  184  14:25  Hydralisk x9  
  170  14:53  Hydralisk x10  
  170  15:04  Hydralisk x19  
  199  15:08  Zergling x2  
  197  15:15  Zergling x6  
  173  15:40  Zergling x32  
  188  15:56  Nydus Canal  
  185  15:59  Zergling x12  
  187  16:07  Hydralisk  
  187  16:08  Hydralisk x8  
  183  16:17  Hydralisk x4  
  191  16:22  Nydus Canal  
  191  16:29  Lurker x3  
  190  16:41  Lurker  
  190  16:42  Lurker x6  
  190  16:46  Zergling x12  
  188  16:59  Hydralisk x8  
  179  17:17  Hydralisk x10  
  199  17:28  Hatchery  
  198  17:32  Zergling x2  
  198  17:33  Zergling x6  
  198  17:45  Zergling x4  
  188  18:01  Zergling x28  
  186  18:06  Lurker x3  
  186  18:11  Zergling x2  
  183  18:27  Hatchery  
Tags
 
Add a new tag
Caveats
  • Supply blocks, unpowered buildings, or Contaminate may cause inaccurate times.
  • Supply counts are checked every 10 seconds.